 Dungeon Crawl Stone Soup version 0.26-a0-163-g6c8a0bf695 (webtiles) character file.

Game seed: 14849240034021823809

403 BritishOli the Ducker (level 6, 0/48 HPs)
             Began as a Demonspawn Gladiator on July 3, 2020.
             Slain by a wight
             ... wielding a +6 falchion of freezing
              (8 damage)
             ... on level 4 of the Dungeon.
             The game lasted 00:05:51 (3291 turns).

BritishOli the Ducker (Demonspawn Gladiator)        Turns: 3291, Time: 00:05:52

Health: 0/48       AC:  8    Str: 16    XL:     6   Next: 55%
Magic:  6/6        EV: 15    Int:  9    God:
Gold:   97         SH:  0    Dex: 15    Spells: 5/5 levels left

rFire    . . .     SeeInvis .   u - -2 falchion (curse)
rCold    + . .     Faith    .   (no shield)
rNeg     . . .     Spirit   .   l - +0 scale mail
rPois    .         Reflect  .   c - +1 helmet
rElec    .         Harm     .   (no cloak)
rCorr    .                      (no gloves)
MR       .....                  (no boots)
Stlth    ..........             (no amulet)
HPRegen  0.16/turn              r - +4 ring of evasion
MPRegen  0.10/turn              s - ring of protection from cold

@: slowed, lightly drained, very slow
A: talons 2
a: no special abilities


You were on level 4 of the Dungeon.
You were very hungry.

You visited 1 branch of the dungeon, and saw 4 of its levels.

You collected 97 gold pieces.

Inventory:

Hand Weapons
 a - a +1 long sword
 u - a cursed -2 falchion (weapon)
Missiles
 d - 4 throwing nets (quivered)
Armour
 c - a +1 helmet (worn)
 l - a +0 scale mail (worn)
Jewellery
 r - a +4 ring of evasion (left hand)
 s - a ring of protection from cold (right hand)
Wands
 h - a wand of disintegration (7)
Scrolls
 g - a scroll of fog
 k - 3 scrolls of identify
 p - a scroll of enchant weapon
Potions
 e - a potion of berserk rage
 j - a potion of lignification {unknown}
 m - 4 potions of curing {unknown}
 n - a potion of mutation {unknown}
 t - a potion of resistance {unknown}
Comestibles
 f - 6 rations


   Skills:
 + Level 3.8(3.7) Fighting
 + Level 4.0 Long Blades
 - Level 2.0(1.9) Throwing
 + Level 2.7 Armour
 + Level 4.0 Dodging


You had 5 spell levels left.
You didn't know any spells.
Your spell library was empty.

Dungeon Overview and Level Annotations

Branches:
Dungeon (4/15)
 Temple: D:4-7

Altars:
Elyvilon
Hepliaklqana

Annotations:
D:2 1 runed translucent door, Crazy Yiuf
D:4 Edmund


Innate Abilities, Weirdness & Mutations

You have razor-sharp toenails.


Message History

Your scale mail prevents you from hitting the hound.
The hound is heavily wounded.
The hound bites you but does no damage.
Found a bubbling white potion.
The hound closely misses you. The hound misses you.
You riposte.
You closely miss the hound. Your kick misses the hound.
The hound is heavily wounded.
The hound misses you.
You riposte.
You hit the hound. Your kick misses the hound.
The hound is severely wounded.
You hit the hound. You claw the hound.
You kill the hound!
You are feeling very hungry.
The wight barely misses you.
You riposte.
You completely miss the wight. You closely miss the wight.
Your kick misses the wight.
The wight hits you with a +6 falchion of freezing.
* * * LOW HITPOINT WARNING * * *
The wight hits you with a +6 falchion of freezing!
You die...

########..######
... $......#..#
###.. (.....w'.##
##.#..#(......#.##
##.....#########..#
........+ #...+
......# #...#
#...## ####..##
#.#@.# !.#..##
#.##z##.##.##
######<##.†#'#..#
#......###w.)w.##
#.############.#
#.# #.........##
#.# #.######...##
#.# #.# #.....# #.#
#.# ###.#.#.#


You could see a worm and a wight.

Vanquished Creatures
  A bullfrog (D:4)
  An orc wizard (D:4)
  2 centaur skeletons (D:4)
  2 hounds
  Terence (D:2)
  A worker ant (D:4)
  4 adders
  4 gnolls
  3 worms
  2 dart slugs
  An orc (D:3)
  2 ball pythons
  8 bats
  2 giant cockroaches
  10 goblins
  3 hobgoblins
  3 jackals (D:4)
  4 kobolds
  2 quokkas
  7 frilled lizards
  12 rats
75 creatures vanquished.

Notes
Turn   | Place    | Note
-------+----------+-------------------------------------------
     0 | D:1      | BritishOli the Demonspawn Gladiator began the quest for the
                  | Orb.
     0 | D:1      | Reached XP level 1. HP: 16/16 MP: 1/1
   205 | D:1      | Gained mutation: You have sharp toenails. [demonic
                  | ancestry]
   205 | D:1      | Reached XP level 2. HP: 22/22 MP: 2/2
   595 | D:1      | Reached XP level 3. HP: 26/28 MP: 3/3
   597 | D:1      | Reached skill level 1 in Armour
   939 | D:2      | You fall into a shaft and drop 1 floor!
  1065 | D:2      | Found a hazy altar of Hepliaklqana.
  1320 | D:2      | Found a runed translucent door.
  1567 | D:2      | Reached XP level 4. HP: 25/34 MP: 4/4
  1771 | D:2      | Noticed Crazy Yiuf
  2156 | D:3      | Noticed Terence
  2175 | D:2      | Killed Terence
  2282 | D:3      | Reached XP level 5. HP: 38/41 MP: 5/5
  2539 | D:4      | Noticed Edmund
  2895 | D:4      | Found a white marble altar of Elyvilon.
  2999 | D:3      | Gained mutation: You have razor-sharp toenails. [demonic
                  | ancestry]
  2999 | D:3      | Reached XP level 6. HP: 18/47 MP: 6/6
  3291 | D:4      | Slain by a wight

Illustrated notes

Levels and vault maps discovered:
D:1:      nzn_arrival_settlement, layout_basic
D:2:      minmay_evil_eye, layout_loops_cross, marbit_many_paths, serial_forest,
          infiniplex_forest_straight_4, infiniplex_forest_clump_medium,
          infiniplex_forest_end_3, infiniplex_forest_end_2,
          infiniplex_forest_fountain, uniq_crazy_yiuf_cottage
D:3:      layout_rooms, uniq_terence
D:4:      layout_loops_corners, grunt_temple_overflow_magic_moments,
          elyvilon_altar_3, lemuel_crystal_altar,
          gammafunk_ghost_abyssal_escape, first_ration, dk_noncrumbling_2,
          minmay_divided_ellipse, uniq_edmund, uniq_natasha

Skill      XL: |  1  2  3  4  5  6 |
---------------+-------------------+-----
Throwing       | 2 |  2.0
Long Blades    | 3 4 |  4.0
Dodging        | 3 4 |  4.0
Armour         | 1 2 |  2.7
Fighting       | 3 |  3.8

Action                   |  1- 3 |  4- 6 || total
-------------------------+-------+-------++-------
Melee: Long sword        |    79 |       ||    79
       Kick              |    16 |    67 ||    83
       Falchion          |     9 |   134 ||   143
  Use: Scroll            |     7 |     3 ||    10
 Stab: Sleeping          |     1 |       ||     1
  Eat: Chunk             |     2 |     5 ||     7
Armor: Leather armour    |    21 |     3 ||    24
       Scale mail        |       |    59 ||    59
Dodge: Dodged            |    79 |   152 ||   231
       Rpst.: Long sword |    20 |       ||    20
       Falchion          |     1 |    52 ||    53

Table legend:
 A = Non-vault XP
 B = Vault XP
 C = Vault XP percentage of total XP
 D = Non-vault monster count
 E = Vault monster count
 F = Vault count percentage of total count
                 A         B        C        D         E       F
            +---------+---------+-------+---------+---------+-------
      Total |     347 |     229 |  39.8 |      67 |       8 |  10.7
            +---------+---------+-------+---------+---------+-------
        D:1 |      53 |       0 |   0.0 |      23 |       0 |   0.0
        D:2 |      38 |      57 |  60.0 |      19 |       5 |  20.8
        D:3 |      82 |       0 |   0.0 |      12 |       0 |   0.0
        D:4 |     174 |     172 |  49.7 |      13 |       3 |  18.8
            +---------+---------+-------+---------+---------+-------
